 Dungeon Crawl Stone Soup version 0.23.2-1-ga50397a (webtiles) character file.

Game seed: 4404621378178449977

195 MalarOregon the Chiller (level 5, 0/38 HPs)
             Began as a Merfolk Ice Elementalist on May 23, 2019.
             Hit by a stone thrown by a gnoll (1 damage)
             ... on level 2 of the Dungeon.
             The game lasted 00:06:49 (2983 turns).

MalarOregon the Chiller (Merfolk Ice Elementalist)  Turns: 2983, Time: 00:06:50

Health: 0/38       AC:  3    Str:  8    XL:     5   Next: 74%
Magic:  7/9        EV: 14    Int: 16    God:
Gold:   111        SH:  0    Dex: 14    Spells: 3/10 levels left

rFire    . . .     SeeInvis .   r - +0 spear
rCold    . . .     Gourm    .   (no shield)
rNeg     . . .     Faith    .   a - +0 robe
rPois    .         Spirit   .   p - +0 helmet
rElec    .         Reflect  .   (no cloak)
rCorr    .         Harm     .   (no gloves)
MR       .....                  (no boots)
Stlth    ++........             (no amulet)
HPRegen  0.12/turn              h - ring of flight
MPRegen  0.11/turn              (no ring)

@: no status effects
A: change form in water, swift swim, stealthy swim
a: Evoke Flight


You were on level 2 of the Dungeon.
You were not hungry.

You visited 1 branch of the dungeon, and saw 2 of its levels.

You collected 111 gold pieces.

Inventory:

Hand Weapons
 r - a +0 spear (weapon)
   (You took it off a gnoll on level 2 of the Dungeon)
Armour
 a - a +0 robe (worn)
 p - a +0 helmet (worn)
   (You took it off Robin on level 1 of the Dungeon)
Jewellery
 h - a ring of flight (left hand)
   (You found it on level 1 of the Dungeon)
Scrolls
 b - a scroll of fog {unknown}
 d - a scroll of remove curse {unknown}
 f - 3 scrolls of identify {unknown}
 j - a scroll of blinking {unknown}
 l - 2 scrolls of immolation {unknown}
 n - a scroll of random uselessness {unknown}
 o - a scroll of enchant weapon {unknown}
 q - a scroll of noise {unknown}
 s - 2 scrolls of enchant armour {unknown}
Potions
 c - 2 potions of curing {@q1}
 g - a potion of berserk rage
 i - 2 potions of haste {unknown}
 k - a potion of lignification {unknown}
 m - a potion of invisibility
Comestibles
 e - 3 rations {!d}


   Skills:
 + Level 1.8 Fighting
 + Level 3.6 Dodging
 + Level 3.1 Stealth
 * Level 3.2 Spellcasting
 - Level 1.0 Conjurations
 * Level 4.6 Ice Magic


You had 3 spell levels left.
You knew the following spells:

 Your Spells              Type           Power        Failure   Level  Hunger
a - Freeze                Ice            ###.         2%          1    None
c - Throw Icicle          Conj/Ice       ##......     50%         4    ####...
x - Throw Frost           Conj/Ice       ##....       9%          2    ##.....

Your spell library contained the following spells:

 Spells                   Type           Power        Failure   Level  Hunger
 Ozocubu's Armour         Chrm/Ice       ##......     22%         3    ###....
 Summon Ice Beast         Ice/Summ       ##......     56%         4    ####...


Dungeon Overview and Level Annotations

Branches:
Dungeon (2/15)

Altars:
Gozag


Message History

You feel yourself moving faster!
You feel mighty!
* * * LOW HITPOINT WARNING * * *
You feel sick. The scorpion stings you!
* * * LOW HITPOINT WARNING * * *
You hit the scorpion.
You kill the scorpion!
* * * LOW HITPOINT WARNING * * *
You feel sick.
Unknown command.
There is a lethal amount of poison in your body!
Unknown command.
You are too berserk!
Unknown command.
You feel a strong urge to attack something.
* * * LOW HITPOINT WARNING * * *
You feel sick.
* * * LOW HITPOINT WARNING * * *
You feel sick.
You feel your anger nearly subside.
You are no longer berserk.
You are exhausted.
You feel yourself slow down.
It was a potion of curing.
You feel better.
You start resting.
You flicker for a moment.
You flicker back into view.
Your magical contamination has completely faded away.
You feel yourself speed up.
Eating one of 3 chunks of flesh.
You eat one of the 3 chunks of flesh.
You recover from your berserk rage.
You start resting.
All of the chunks of flesh in your inventory have rotted away.
A gnoll comes into view.
It is wielding a +0 halberd of freezing.
Unknown command.
You can't see any susceptible monsters within range! (Use Z to cast anyway.)
The gnoll shouts!
The gnoll throws a stone.
The stone closely misses you.
You can't see any susceptible monsters within range! (Use Z to cast anyway.)
The gnoll throws a stone.
The stone hits you.
The gnoll throws a stone.
The stone hits you.
You start resting.
The gnoll is too close now for your liking.
Aim: a gnoll, wielding a +0 halberd of freezing The puff of frost hits the gnoll.
The gnoll hits you from afar with a +0 halberd of freezing!
* * * LOW HITPOINT WARNING * * *
The gnoll freezes you.
* * * LOW HITPOINT WARNING * * *
The gnoll throws a stone.
The stone closely misses you.
The gnoll throws a stone.
The stone hits you.
You die...

#.# #.# #.# ##.#
#..# #.## .
#.###### ..
#(...g.# ...
#@####.# ..
#.####(##.#.#
#.##........#
#.##.#.##.#...
#......##### .#
#......#8_8###.#
####.#.#...#...#
# ###########
#.###...#...# #
### #....(....#
#g####.##...# #


You could see a gnoll.

Vanquished Creatures
  A scorpion (D:2)
  Robin (D:1)
  6 adders (D:2)
  3 gnolls
  A dart slug (D:2)
  2 giant cockroaches
  11 goblins
  7 hobgoblins
  3 jackals (D:1)
  2 quokkas (D:2)
  4 bats
  2 frilled lizards
  5 kobolds
  4 rats
52 creatures vanquished.

Notes
Turn   | Place    | Note
-------+----------+-------------------------------------------
     0 | D:1      | MalarOregon the Merfolk Ice Elementalist began the quest
                  | for the Orb.
     0 | D:1      | Reached XP level 1. HP: 13/13 MP: 3/3
   483 | D:1      | Reached XP level 2. HP: 19/19 MP: 3/5
   783 | D:2      | Learned a level 2 spell: Throw Frost
   828 | D:2      | Reached XP level 3. HP: 23/25 MP: 0/6
   906 | D:2      | Noticed Robin
  1072 | D:1      | Killed Robin
  1072 | D:1      | Reached skill level 1 in Fighting
  1072 | D:1      | Reached skill level 1 in Conjurations
  1072 | D:1      | Reached skill level 4 in Ice Magic
  1273 | D:1      | Reached XP level 4. HP: 14/32 MP: 1/8
  1453 | D:1      | Learned a level 4 spell: Throw Icicle
  1710 | D:2      | Found an opulent altar of Gozag.
  2050 | D:2      | Reached XP level 5. HP: 37/37 MP: 2/9
  2807 | D:2      | HP: 2/57 [poisoned by a scorpion]
  2981 | D:2      | HP: 1/38 [gnoll/+0 halberd of freezing (4)]
  2983 | D:2      | Hit by a stone thrown by a gnoll

Skill      XL: |  1  2  3  4  5 |
---------------+----------------+-----
Dodging        | 3 |  3.6
Fighting       | 1 |  1.8
Conjurations   | 1 |  1.0
Ice Magic      | 4 |  4.6
Stealth        | 3 |  3.1
Spellcasting   | 3 |  3.2

Action                   |  1- 3 |  4- 6 || total
-------------------------+-------+-------++-------
Melee: Unarmed           |    19 |       ||    19
       Dagger            |       |     7 ||     7
       Spear             |       |     8 ||     8
 Cast: Freeze            |    47 |    38 ||    85
       Throw Frost       |     4 |    23 ||    27
  Use: Potion            |       |     3 ||     3
 Stab: Sleeping          |       |     2 ||     2
  Eat: Chunk             |     2 |     7 ||     9
Armor: Robe              |    11 |     6 ||    17
Dodge: Dodged            |    67 |    35 ||   102
